AoeStats
← frodriguezanyul

Arena

504419456Analyzed
3v3 RM · 26d ago on Sep 5, 2026· 35m 52s· 6 players
Game mode
Random Map
Map size
Normal (6 player)
Population
200
Speed
Normal
Resources
Standard
Victory
Conquest
Starting age
Dark Age
Ending age
Imperial Age
RankedLock teamsTeams togetherTeam positionsShared explorationLock speedFull tech treeHidden civsTurbo modeCheats
Victory
Defeat
🇲🇽 Portuguese · Mexico
1003
+13
🇨🇴 Japanese · Colombia
859
+19
🇲🇽 Burgundians · Mexico
831
+20
🇺🇾 Khmer · Uruguay
1004
-20
🇺🇾 Celts · Uruguay
967
-19
🇺🇾 Huns · Uruguay
823
-13
Filho da Polka
9:08 Feudal Age
9:40 Double-Bit Axe
17:20 Castle Age
17:14 Horse Collar
20:31 Heavy Plow
20:49 Bow Saw
23:26 Loom
27:07 Imperial Age
25:51 Wheelbarrow
R E P T I L E
5:30 Loom
10:14 Feudal Age
11:36 Double-Bit Axe
11:34 Horse Collar
12:15 Gold Mining
20:12 Scale Mail Armor
24:48 Castle Age
23:24 Stone Mining
24:12 Forging
26:16 Fletching
26:51 Elite Skirmisher
30:29 Imperial Age
28:00 Stronghold
29:51 Chain Mail Armor
32:09 Iron Casting
31:51 Arson
34:52 Wheelbarrow
35:24 Blast Furnace
34:31 Town Watch
34:48 Bodkin Arrow
frodriguezanyul
10:49 Loom
12:35 Feudal Age
13:36 Double-Bit Axe
16:01 Stone Mining
17:52 Wheelbarrow
18:05 Town Watch
20:12 Bloodlines
22:07 Gold Mining
26:45 Castle Age
27:11 Forging
27:07 Scale Barding Armor
26:55 Fletching
27:06 Padded Archer Armor
26:53 Horse Collar
28:05 Hand Cart
28:03 Bow Saw
30:05 Town Patrol
33:57 Gold Shaft Mining
33:26 Heavy Plow
34:32 Iron Casting
34:19 Chain Barding Armor
36:27 Ballistics
36:02 Murder Holes
Pikapork
11:28 Feudal Age
10:28 Double-Bit Axe
16:14 Castle Age
15:11 Bow Saw
15:36 Stone Mining
16:04 Horse Collar
16:38 Loom
17:56 Heavy Plow
25:21 Gold Mining
26:07 Stone Shaft Mining
26:55 Gold Shaft Mining
26:53 Crop Rotation
30:52 Two-Man Saw
34:16 Imperial Age
33:09 Treadmill Crane
33:49 Ballistics
33:40 Fortified Wall
33:29 Murder Holes
34:24 Padded Archer Armor
34:14 Fletching
35:08 Wheelbarrow
36:36 Chemistry
35:07 Capped Ram
dantealhz
0:54 Loom
13:05 Feudal Age
19:06 Castle Age
16:56 Man-at-Arms
17:31 Double-Bit Axe
17:32 Horse Collar
18:39 Man-at-Arms
19:24 Scale Mail Armor
21:35 Forging
21:25 Town Watch
24:35 Wheelbarrow
24:17 Bow Saw
24:14 Heavy Plow
25:32 Wheelbarrow
25:06 Stone Mining
25:07 Gold Mining
32:44 Imperial Age
32:45 Ballistics
32:05 Treadmill Crane
32:36 Masonry
32:23 Fletching
33:09 Iron Casting
33:26 Stone Shaft Mining
34:29 Conscription
34:20 Bodkin Arrow
35:25 Blast Furnace
35:59 Two-Man Saw
35:06 Pikeman
Witen
12:08 Feudal Age
12:48 Double-Bit Axe
12:44 Horse Collar
23:04 Castle Age
23:11 Gold Mining
25:16 Stone Mining
27:23 Gambesons
27:38 Squires
27:25 Arson
27:55 Scale Mail Armor
28:06 Forging
33:38 Imperial Age
32:44 Gold Shaft Mining
34:32 Bow Saw
34:47 Chain Mail Armor
35:08 Iron Casting
36:16 Plate Mail Armor
35:37 Elite Samurai
Connection lost

Rejoining the realm…

Still unreachable

The connection could not be restored.

Session expired

The server has moved on; the page needs a fresh start.